 Dungeon Crawl Stone Soup version 0.19-a0-1697-g0595f0e (webtiles) character file.

3433 4thArraOfDagon the Grappler (level 9, -5/76 HPs)
             Began as a Troll Wanderer on Sept 26, 2016.
             Was a Priest of Okawaru.
             Engulfed by a steam dragon's steam (18 damage)
             ... on level 10 of the Dungeon.
             The game lasted 00:10:15 (1937 turns).

4thArraOfDagon the Grappler (Troll Wanderer)        Turns: 1937, Time: 00:10:17

Health: -5/76      AC: 10    Str: 21    XL:     9   Next: 77%
Magic:  9/11       EV: 12    Int: 16    God:    Okawaru [***...]
Gold:   221        SH:  0    Dex: 12    Spells: 1 memorised, 6 levels left

rFire  x . .     SeeInvis .       - Unarmed
rCold  + + .     Gourm    +     x - +2 robe {rC+}
rNeg   . . .     Faith    .     (no shield)
rPois  .         Spirit   .     t - +1 hat
rElec  .         Dismiss  .     k - +0 cloak
rCorr  .         Reflect  .     (gloves unavailable)
MR     .....     Harm     .     (boots unavailable)
Stlth  ++........               (no amulet)
                                o - +5 ring of intelligence
                                h - ring of ice

@: heroism
A: unfitting armour, claws 3, talons 1, blurry vision 1, clever 1, fast
metabolism 3, gourmand, low mp 1, regeneration 1, shaggy fur 1, tough skin 2
a: Heroism, Renounce Religion


You were on level 10 of the Dungeon.
You worshipped Okawaru.
Okawaru was most pleased with you.
You were very full.

You visited 2 branches of the dungeon, and saw 11 of its levels.

You collected 291 gold pieces.
You spent 70 gold pieces at shops.

Inventory:

Armour
 b - a +0 robe
 k - a +0 cloak (worn)
 t - a +1 hat (worn)
 x - a +2 robe of cold resistance (worn)
Jewellery
 h - a ring of ice (left claw)
 l - an uncursed ring of ice
 o - a +5 ring of intelligence (right claw)
Wands
 c - a wand of flame (23/48)
 s - a wand of random effects (25/48)
 w - a wand of lightning (8/15)
Scrolls
 e - 2 scrolls of blinking
 i - 3 scrolls of remove curse
 m - a scroll of immolation {unknown}
 n - a scroll of fear
 q - 2 scrolls of amnesia {unknown}
 r - a scroll of random uselessness {unknown}
 v - a scroll of recharging {unknown}
Potions
 f - a potion of degeneration
 g - 3 potions of curing
 j - a potion of agility {unknown}
 u - 2 potions of haste
Miscellaneous
 a - a lamp of fire
Comestibles
 d - 2 bread rations
 p - a meat ration
 z - 5 mutagenic chunks of flesh


   Skills:
 - Level 1.0(6.0) Fighting
   Level 2.6(7.6) Maces & Flails
 - Level 1.0(6.0) Dodging
 - Level 1.0(6.0) Stealth
 * Level 11.6(16.6) Unarmed Combat
 - Level 1.0 Spellcasting
   Level 1.2 Charms
 + Level 6.5 Invocations
 - Level 1.0 Evocations


You had 6 spell levels left.
You knew the following spells:

 Your Spells              Type           Power        Failure   Level  Hunger
a - Ice Form              Ice/Tmut       #.......     99%         4    #####..


Dungeon Overview and Level Annotations

Branches:
Dungeon (10/15)            Temple (1/1) D:6            Lair (0/6) D:9
    Orc: D:9-12

Altars:
Ashenzari
Cheibriados
Elyvilon
Gozag
Hepliaklqana
Nemelex Xobeh
Okawaru
Sif Muna
Uskayaw
Vehumet
Xom
Yredelemnul
Zin

Shops:
D:5 ?

Annotations:
D:5 1 exclusion


Innate Abilities, Weirdness & Mutations

You are too large for most types of armour.
You have claws for hands.
Your metabolism is lightning-fast.
You like to eat raw meat.
Your natural rate of healing is unusually fast.
You are covered in fur. (AC +1)
You have very tough skin. (AC +2)
You have sharp toenails.
Scrolls take you a little longer to read.
Your mind is acute. (Int +2)
Your magical capacity is low. (-10% MP)


Message History

The steam dragon bites you but does no damage.
The steam dragon misses you.
You closely miss the steam dragon.
You claw the steam dragon, but do no damage.
You scratch the steam dragon but do no damage.
The steam dragon bites you.
The steam dragon claws you but does no damage.
You barely miss the steam dragon. Your kick misses the steam dragon.
The steam dragon bites you. The steam dragon barely misses you.
You scratch the steam dragon but do no damage.
Your kick misses the steam dragon. Your claw misses the steam dragon.
The steam dragon breathes steam at you. The ball of steam hits you!
The steam scalds you terribly!
* * * LOW HITPOINT WARNING * * *
You are too injured to fight recklessly!
You are too injured to fight recklessly!
You are too injured to fight recklessly!
Unknown command.
You are engulfed in a cloud of scalding steam.
You die...

#. #.#.#.#.######
##..##########.......#
.......).))..).#.#.#....
...........###...........
########...##.§#.#.#...##
#...##..§.......#
###...##§§######..#
#######.....##§#######..#
.............D§@.......
#.(........###########
/≈≈≈≈≈§#§...#
§≈≈≈≈≈≈§#...#
≈§.#..≈≈≈...#
≈.$?#!.≈≈...#
..###..≈D...# . $.≈≈≈...#
#.§§§#...#


You could see a steam dragon.

Vanquished Creatures
  Fannar (D:10)
  A water nymph (shapeshifter) (D:10)
  An insubstantial wisp (D:10)
  2 ice beasts
  An orc warrior (D:6)
  2 black bears
  5 sky beasts
  2 ogres
  4 bullfrogs
  2 scorpions (D:5)
  3 killer bees (D:10)
  A howler monkey (D:4)
  3 crimson imps
  10 orc priests
  A jelly (D:10)
  5 orc wizards
  2 worker ants (D:6)
  A killer bee zombie (D:9)
  2 adders
  A shadow imp (D:8)
  An adder zombie (D:5)
  A dart slug (D:1)
  2 leopard geckos
  14 orcs
  2 ball pythons
  2 giant cockroaches
  2 hobgoblins (D:1)
  2 kobolds (D:1)
  2 quokkas
  A bat (D:1)
  2 frilled lizards
  A goblin (D:1)
  2 rats
84 creatures vanquished.

Notes
Turn   | Place    | Note
-------+----------+-------------------------------------------
     0 | D:1      | 4thArraOfDagon the Troll Wanderer began the quest for the Orb.
     0 | D:1      | 4thArraOfDagon set off with: a lamp of fire, a +0 robe, a +0 mace, 2 bread rations
     0 | D:1      | Reached XP level 1. HP: 19/19 MP: 1/1
    99 | D:1      | Reached skill level 1 in Unarmed Combat
   263 | D:1      | Reached XP level 2. HP: 19/27 MP: 2/2
   443 | D:1      | such great level
   541 | D:3      | Reached skill level 2 in Unarmed Combat
   579 | D:4      | Noticed a howler monkey
   596 | D:4      | Killed a howler monkey
   596 | D:4      | Reached skill level 3 in Unarmed Combat
   596 | D:4      | Reached XP level 3. HP: 33/33 MP: 3/3
   613 | D:5      | Entered Level 5 of the Dungeon
   639 | D:5      | Found Ruwnist's Magic Scroll Emporium.
   662 | D:5      | Bought a scroll of identify for 28 gold pieces
   662 | D:5      | Bought a scroll of remove curse for 42 gold pieces
   673 | D:5      | Noticed a sky beast
   714 | D:5      | Noticed an ice beast
   725 | D:5      | Noticed an ogre
   751 | D:6      | Found a staircase to the Ecumenical Temple.
   751 | D:6      | Noticed a bullfrog
   759 | D:6      | Killed a bullfrog
   759 | D:6      | Reached skill level 4 in Unarmed Combat
   759 | D:6      | Reached XP level 4. HP: 29/41 MP: 4/4
   790 | Temple   | Entered the Ecumenical Temple
   800 | Temple   | Became a worshipper of Warmaster Okawaru
   803 | Temple   | Reached XP level 5. HP: 48/48 MP: 5/5
   813 | D:6      | Noticed an ice beast
   835 | D:5      | Killed a sky beast
   835 | D:5      | Reached skill level 5 in Unarmed Combat
   835 | D:5      | Reached skill level 1 in Invocations
   839 | D:5      | Killed an ice beast
   839 | D:5      | Reached * piety under Okawaru
   839 | D:5      | Reached XP level 6. HP: 55/55 MP: 6/6
   840 | D:5      | Reached skill level 6 in Unarmed Combat
   941 | D:5      | Reached XP level 7. HP: 53/62 MP: 7/7
   995 | D:5      | Reached skill level 7 in Unarmed Combat
  1054 | D:5      | Reached ** piety under Okawaru
  1237 | D:6      | Reached skill level 8 in Unarmed Combat
  1246 | D:6      | Reached XP level 8. HP: 16/70 MP: 6/9
  1325 | D:7      | 4thArraOfDagon: bb
  1325 | D:7      | 4thArraOfDagon: soon
  1383 | D:7      | Identified the Catalogue of Supportive Ice
  1389 | D:7      | Learned a level 4 spell: Ice Form
  1552 | D:9      | Found a staircase to the Lair.
  1565 | D:9      | Reached skill level 9 in Unarmed Combat
  1590 | D:10     | Entered Level 10 of the Dungeon
  1651 | D:10     | Noticed Fannar
  1664 | D:10     | Noticed a yaktaur
  1665 | D:10     | Noticed a mana viper
  1665 | D:10     | a yaktaur changed into a mana viper
  1673 | D:10     | Noticed a water nymph
  1673 | D:10     | a mana viper changed into a water nymph
  1677 | D:10     | Killed a water nymph
  1677 | D:10     | Reached skill level 5 in Invocations
  1689 | D:10     | Reached skill level 10 in Unarmed Combat
  1719 | D:10     | Reached XP level 9. HP: 36/76 MP: 5/11
  1727 | D:10     | Reached *** piety under Okawaru
  1751 | D:10     | Killed Fannar
  1751 | D:10     | Reached skill level 11 in Unarmed Combat
  1906 | D:10     | Gained mutation: Scrolls take you a little longer to read. [mutagenic meat]
  1909 | D:10     | Gained mutation: Your magical capacity is low. (-10% MP) [mutagenic meat]
  1912 | D:10     | Gained mutation: Your mind is acute. (Int +2) [mutagenic meat]
  1918 | D:10     | Gained mutation: You have sharp toenails. [mutagenic meat]
  1937 | D:10     | Engulfed by a steam dragon's steam

Vault maps used:
D:1:      onia_arrival_mini_maze, st_stairs_9
D:2:      hangedman_decor_growths
D:3:      ecumenical_altar_2, trog_three_pillars_becter
D:4:      first_bread
D:5:      serial_shops, kennysheep_mini, shop, shop
D:6:      basic_altar, minmay_lizard_king
D:7:      the_bakery, grunt_ministairs_9
D:9:      lair_0_dummy, hangedman_decor_riveting
D:10:     serial_glass, glass_columns_b, glass_columns_c, hangedman_misty_isle,
          uniq_fannar
Temple:   compressed_dpeg_triangle_lava_temple

Skill      XL: |  1  2  3  4  5  6  7  8  9 |
---------------+----------------------------+-----
Unarmed Combat | 1 3 4 5 6 8 10 11 | 11.6
Invocations    | 1 2 3 5 6 |  6.5
Fighting       | |  1.0
Maces & Flails | |  2.6
Dodging        | |  1.0
Stealth        | |  1.0
Spellcasting   | |  1.0
Charms         | |  1.2
Evocations     | |  1.0

Action                   |  1- 3 |  4- 6 |  7- 9 || total
-------------------------+-------+-------+-------++-------
Melee: Unarmed           |    61 |    38 |   177 ||   276
       Mace              |     2 |       |       ||     2
       Punch             |       |     4 |     6 ||    10
       Kick              |       |       |     3 ||     3
Invok: Heroism           |       |       |    15 ||    15
Evoke: Wand              |       |       |     4 ||     4
  Use: Scroll            |     8 |       |     3 ||    11
       Potion            |       |     1 |     4 ||     5
  Eat: Royal jelly       |     1 |       |       ||     1
       Beef jerky        |     1 |       |       ||     1
       Chunk             |     2 |     7 |    14 ||    23
Armor: Robe              |    46 |     9 |    55 ||   110
       Skin              |       |    10 |       ||    10
Dodge: Dodged            |    55 |     5 |    78 ||   138
